Construct Field Infirmary
Construct Section Command Post
Construct Section Command Post
Construct Platoon Command Post
6-pounder Anti-tank Gun Team
Selects British Armored Battlegroup
Selects Rigorous Vehicle Training
Selects Engineer Detachments
6-pounder Anti-tank Gun Team
Unlock Bishop Self-propelled Artillery
Bishop Self-propelled Artillery
Selects Crusader AA Medium Tank
Bishop Self-propelled Artillery
Bishop Self-propelled Artillery
Selects Forward Repair Assembly
Bishop Self-propelled Artillery
Construct Company Command Post
Construct Company Command Post
Selects Churchill Black Prince Heavy Tank
Churchill Black Prince Heavy Tank